TOP OF THE 1ST |
Hickory Crawdads batting - Pitching for Delmarva Shorebirds : LHP Vinny Duarte
|
Pitching: LHP Vinny Duarte
|
|
Batting: SHB Isaiah Cherry
|
0-0: Called Strike 0-1: Ball 1-1: Foul Ball, location: 2F 1-2: Ball 2-2: DOUBLE (Line Drive, 7LS, EV 108.8 MPH)
|
Batting: RHB Theo van Gent
|
0-0: Foul Ball, location: 2F 0-1: Called Strike 0-2: Foul Ball, location: 2F 0-2: Fly out, F8 (Line Drive, 8RD, EV 99.4 MPH) Runner from 2nd tags up, SAFE at 3rd with throw by CF
|
Batting: RHB Joe Fiorito
|
0-0: Ground out 6-3 (Groundball, 6S, EV 86.2 MPH) Isaiah Cherry scores
|
Batting: RHB Shoh Tanioka
|
0-0: Ground out 5-3 (Groundball, 5S, EV 85.0 MPH)
|
Top of the 1st over - 1 run, 1 hit, 0 errors, 0 left on base; Hickory 1 - Delmarva 0 |
BOTTOM OF THE 1ST |
Delmarva Shorebirds batting - Pitching for Hickory Crawdads : RHP Chris Wood
|
Pitching: RHP Chris Wood
|
|
Batting: LHB Eric Jackson
|
0-0: Ball 1-0: Ball 2-0: Ball 3-0: Called Strike 3-1: Ground out 6-3 (Groundball, 6M, EV 86.9 MPH)
|
Batting: LHB Tim Mulholland
|
0-0: Ball 1-0: Called Strike 1-1: Foul Ball, location: 2F 1-2: Ground out 5-3 (Groundball, 5, EV 82.5 MPH)
|
Batting: LHB Tom Edwards
|
0-0: Called Strike 0-1: Foul Ball, location: 2F 0-2: Ball 1-2: Ball 2-2: Foul Ball, location: 2F 2-2: Foul Ball, location: 2F 2-2: Fly out, F8 (Flyball, 8LS, EV 87.5 MPH)
|
Bottom of the 1st over - 0 runs, 0 hits, 0 errors, 0 left on base; Hickory 1 - Delmarva 0 |
TOP OF THE 2ND |
Hickory Crawdads batting - Pitching for Delmarva Shorebirds : LHP Vinny Duarte
|
Batting: RHB Chris Powell
|
0-0: Swinging Strike 0-1: Ball 1-1: Foul Ball, location: 2F 1-2: Ball 2-2: TRIPLE (Groundball, 5L, EV 98.1 MPH)
|
Batting: LHB Lee Gerken
|
0-0: Foul Ball, location: 2F 0-1: Ball 1-1: Ball 2-1: Called Strike 2-2: SINGLE (Line Drive, 4D, EV 105.0 MPH) Chris Powell scores
|
Batting: RHB Rick Concha
|
0-0: Swinging Strike 0-1: Called Strike 0-2: SINGLE (Line Drive, 9LM, EV 90.0 MPH) Lee Gerken to second Runner from 2nd tries for 3rd, SAFE, throw by RF made to third Rick Concha to second
|
Batting: LHB Sadamu Noguchi
|
0-0: SINGLE (Groundball, 4MD, EV 106.9 MPH) Lee Gerken scores Rick Concha to third Runner from 3rd tries for Home, throw by CF and OUT! 8-2 Sadamu Noguchi to second
|
Batting: LHB Franklin Quezada
|
0-0: Ball Sadamu Noguchi steals 3rd base 1-0: Ground out 3-1 (Groundball, 34, EV 100.0 MPH) Sadamu Noguchi scores
|
Batting: SHB Isaiah Cherry
|
0-0: Called Strike 0-1: Ball 1-1: Called Strike 1-2: Strikes out swinging
|
Top of the 2nd over - 3 runs, 4 hits, 0 errors, 0 left on base; Hickory 4 - Delmarva 0 |
BOTTOM OF THE 2ND |
Delmarva Shorebirds batting - Pitching for Hickory Crawdads : RHP Chris Wood
|
Batting: SHB Jorge Brito
|
0-0: Ball 1-0: Called Strike 1-1: Swinging Strike 1-2: Ball 2-2: Ball 3-2: Strikes out swinging
|
Batting: LHB Mike Sloan
|
0-0: Ball 1-0: Foul Ball, location: 2F 1-1: Ball 2-1: Foul Ball, location: 2F 2-2: Strikes out looking
|
Batting: LHB Justin Moore
|
0-0: Called Strike 0-1: Foul Ball, location: 2F 0-2: Ball 1-2: Foul Ball, location: 2F 1-2: SINGLE (Flyball, 6D, EV 85.0 MPH)
|
Batting: RHB Francisco Viera
|
0-0: Called Strike 0-1: SINGLE (Groundball, 6D, EV 97.5 MPH) Justin Moore to second Runner from 2nd tries for 3rd, OUT! 7-5
|
Bottom of the 2nd over - 0 runs, 2 hits, 0 errors, 1 left on base; Hickory 4 - Delmarva 0 |
TOP OF THE 3RD |
Hickory Crawdads batting - Pitching for Delmarva Shorebirds : LHP Vinny Duarte
|
Batting: RHB Theo van Gent
|
0-0: Called Strike 0-1: Ball 1-1: Called Strike 1-2: Ball 2-2: Ball 3-2: DOUBLE (Line Drive, 8LD, EV 102.5 MPH)
|
Batting: RHB Joe Fiorito
|
0-0: Called Strike 0-1: Called Strike 0-2: Strikes out swinging, 2-3 out at first.
|
Batting: RHB Shoh Tanioka
|
0-0: Ball 1-0: Ball 2-0: Ball 3-0: Base on Balls
|
Batting: RHB Chris Powell
|
0-0: Ball 1-0: Foul Ball, location: 2F 1-1: Grounds into double play, 4-6-3 (Groundball, 4, EV 110.6 MPH)
|
Top of the 3rd over - 0 runs, 1 hit, 0 errors, 1 left on base; Hickory 4 - Delmarva 0 |
BOTTOM OF THE 3RD |
Delmarva Shorebirds batting - Pitching for Hickory Crawdads : RHP Chris Wood
|
Batting: LHB Bill Ostlund
|
0-0: Foul Ball, location: 2F 0-1: Ball 1-1: Ball 2-1: Foul Ball, location: 2F 2-2: Foul Ball, location: 2F 2-2: Foul Ball, location: 2F 2-2: Ball 3-2: Foul Ball, location: 2F 3-2: Strikes out swinging, 2-3 out at first.
|
Batting: SHB Jared Boyce
|
0-0: Foul Ball, location: 2F 0-1: Called Strike 0-2: Strikes out swinging
|
Batting: LHB Eric Jackson
|
0-0: Swinging Strike 0-1: Ball 1-1: Ball 2-1: Ball 3-1: Ground out 6-3 (Groundball, 6, EV 106.2 MPH)
|
Bottom of the 3rd over - 0 runs, 0 hits, 0 errors, 0 left on base; Hickory 4 - Delmarva 0 |
TOP OF THE 4TH |
Hickory Crawdads batting - Pitching for Delmarva Shorebirds : LHP Vinny Duarte
|
Batting: LHB Lee Gerken
|
0-0: Ball 1-0: Ball 2-0: Ball 3-0: Base on Balls
|
Batting: RHB Rick Concha
|
0-0: Swinging Strike 0-1: Called Strike 0-2: Strikes out swinging
|
Batting: LHB Sadamu Noguchi
|
0-0: Ball 1-0: Grounds into double play, 6-4-3 (Groundball, 6, EV 85.6 MPH)
|
Top of the 4th over - 0 runs, 0 hits, 0 errors, 0 left on base; Hickory 4 - Delmarva 0 |
BOTTOM OF THE 4TH |
Delmarva Shorebirds batting - Pitching for Hickory Crawdads : RHP Chris Wood
|
Batting: LHB Tim Mulholland
|
0-0: Called Strike 0-1: Ball 1-1: Ground out U3 (Groundball, 34S, EV 91.9 MPH)
|
Batting: LHB Tom Edwards
|
0-0: Called Strike 0-1: Foul Ball, location: 2F 0-2: Foul Ball, location: 2F 0-2: Ground out 4-3 (Groundball, 4, EV 103.1 MPH)
|
Batting: SHB Jorge Brito
|
0-0: Swinging Strike 0-1: Ball 1-1: Ball 2-1: Foul Ball, location: 2F 2-2: Foul Ball, location: 2F 2-2: Ground out 6-3 (Groundball, 6, EV 105.6 MPH)
|
Bottom of the 4th over - 0 runs, 0 hits, 0 errors, 0 left on base; Hickory 4 - Delmarva 0 |
TOP OF THE 5TH |
Hickory Crawdads batting - Pitching for Delmarva Shorebirds : LHP Vinny Duarte
|
Batting: LHB Franklin Quezada
|
0-0: Swinging Strike 0-1: Ball 1-1: Called Strike 1-2: Strikes out swinging
|
Batting: SHB Isaiah Cherry
|
0-0: Called Strike 0-1: Ball 1-1: Ball 2-1: Ball 3-1: Base on Balls
|
Batting: RHB Theo van Gent
|
0-0: Called Strike Isaiah Cherry steals 2nd base 0-1: Ball 1-1: Ball Isaiah Cherry steals 3rd base (no throw) 2-1: Ball 3-1: Base on Balls
|
Batting: RHB Joe Fiorito
|
0-0: Ball Theo van Gent is caught stealing 2nd base 2-4 1-0: Ball 2-0: Called Strike 2-1: Ball 3-1: DOUBLE (Flyball, 78D, EV 95.6 MPH) Isaiah Cherry scores
|
Pitching: LHP Randy Yarrigle
|
|
Batting: RHB Shoh Tanioka
|
0-0: Ball 1-0: Foul Ball, location: 2F 1-1: Ball 2-1: Ball 3-1: Swinging Strike 3-2: Foul Ball, location: 2F 3-2: Ground out 6-3 (Groundball, 6, EV 90.6 MPH)
|
Top of the 5th over - 1 run, 1 hit, 0 errors, 1 left on base; Hickory 5 - Delmarva 0 |
BOTTOM OF THE 5TH |
Delmarva Shorebirds batting - Pitching for Hickory Crawdads : RHP Chris Wood
|
Batting: LHB Mike Sloan
|
0-0: Swinging Strike 0-1: Swinging Strike 0-2: Ball 1-2: SINGLE (Flyball, 3D, EV 83.8 MPH)
|
Batting: LHB Justin Moore
|
0-0: Fielders Choice at 2nd, 5-6 (Groundball, 6, EV 86.9 MPH)
|
Batting: RHB Francisco Viera
|
0-0: Ball 1-0: Ball 2-0: Called Strike 2-1: Swinging Strike 2-2: Foul Ball, location: 2F 2-2: Ball 3-2: Reached on error, E4 (Flyball, 4D, EV 93.8 MPH) Justin Moore to second
|
Batting: LHB Bill Ostlund
|
0-0: Called Strike 0-1: Ball 1-1: Ball 2-1: Swinging Strike 2-2: Strikes out swinging
|
Batting: SHB Jared Boyce
|
0-0: Ground out 3-1 (Groundball, 34S, EV 91.2 MPH)
|
Bottom of the 5th over - 0 runs, 1 hit, 1 error, 2 left on base; Hickory 5 - Delmarva 0 |
TOP OF THE 6TH |
Hickory Crawdads batting - Pitching for Delmarva Shorebirds : LHP Randy Yarrigle
|
Batting: RHB Chris Powell
|
0-0: Ball 1-0: Foul Ball, location: 2F 1-1: Hit by Pitch
|
Batting: LHB Lee Gerken
|
0-0: Ball 1-0: Called Strike 1-1: Foul Ball, location: 2F 1-2: Strikes out swinging
|
Batting: RHB Rick Concha
|
0-0: Called Strike Chris Powell steals 2nd base 0-1: 2-RUN HOME RUN (Flyball, 7LD, EV 91.2 MPH), Distance : 349 ft
|
Batting: LHB Sadamu Noguchi
|
0-0: Swinging Strike 0-1: Called Strike 0-2: Foul Ball, location: 2F 0-2: Ball 1-2: Ball 2-2: Strikes out swinging
|
Batting: LHB Franklin Quezada
|
0-0: Called Strike 0-1: SINGLE (Groundball, 4M, EV 106.2 MPH) (infield hit)
|
Batting: SHB Isaiah Cherry
|
0-0: Ball Franklin Quezada steals 2nd base 1-0: Swinging Strike 1-1: Ball 2-1: Ball 3-1: Called Strike 3-2: Strikes out swinging, 2-3 out at first.
|
Top of the 6th over - 2 runs, 2 hits, 0 errors, 1 left on base; Hickory 7 - Delmarva 0 |
BOTTOM OF THE 6TH |
Delmarva Shorebirds batting - Pitching for Hickory Crawdads : RHP Chris Wood
|
Batting: LHB Eric Jackson
|
0-0: Called Strike 0-1: Hit by Pitch
|
Pinch Runner at 1st Justin Alworth:
|
|
Batting: LHB Tim Mulholland
|
0-0: Ball 1-0: Hit by Pitch Justin Alworth to second
|
Batting: LHB Tom Edwards
|
0-0: Foul Ball, location: 2F 0-1: Ball 1-1: Foul Ball, location: 2F 1-2: Strikes out swinging
|
Batting: SHB Jorge Brito
|
0-0: Called Strike 0-1: Ball 1-1: Foul Ball, location: 2F 1-2: Ball 2-2: Ball 3-2: Base on Balls Justin Alworth to third Tim Mulholland to second
|
Batting: LHB Mike Sloan
|
0-0: Called Strike 0-1: SINGLE (Groundball, 5L, EV 87.5 MPH) (infield hit) Justin Alworth scores Tim Mulholland to third Jorge Brito to second
|
Batting: LHB Justin Moore
|
0-0: Ball 1-0: Foul Ball, location: 2F 1-1: Foul Ball, location: 2F 1-2: Foul Ball, location: 2F 1-2: Ball 2-2: Strikes out swinging
|
Pitching: RHP Tse-peng Kuang
|
|
Batting: RHB Francisco Viera
|
0-0: Foul Ball, location: 2F 0-1: Called Strike 0-2: Foul Ball, location: 2F 0-2: Ball 1-2: Foul Ball, location: 2F 1-2: Foul Ball, location: 2F 1-2: Strikes out swinging
|
Bottom of the 6th over - 1 run, 1 hit, 0 errors, 3 left on base; Hickory 7 - Delmarva 1 |
TOP OF THE 7TH |
Hickory Crawdads batting - Pitching for Delmarva Shorebirds : LHP Randy Yarrigle
|
Now in LF: Justin Alworth
|
|
Now in CF: Justin Moore
|
|
Batting: RHB Theo van Gent
|
0-0: Ball 1-0: Swinging Strike 1-1: Foul Ball, location: 2F 1-2: Foul Ball, location: 2F 1-2: Ball 2-2: Ball 3-2: Ground out 4-3 (Groundball, 4S, EV 86.2 MPH)
|
Batting: RHB Joe Fiorito
|
0-0: Ball 1-0: Ball 2-0: Fly out, F8 (Flyball, 8LXD, EV 108.1 MPH)
|
Batting: RHB Shoh Tanioka
|
0-0: SINGLE (Groundball, 6S, EV 70.6 MPH) (infield hit)
|
Pitching: RHP Ryan Kotter
|
|
Batting: RHB Chris Powell
|
0-0: Ball 1-0: Foul Ball, location: 2F 1-1: Ball 2-1: Ball 3-1: Swinging Strike 3-2: Foul Ball, location: 2F 3-2: Fly out, F8 (Flyball, 8RXD, EV 80.0 MPH)
|
Top of the 7th over - 0 runs, 1 hit, 0 errors, 1 left on base; Hickory 7 - Delmarva 1 |
BOTTOM OF THE 7TH |
Delmarva Shorebirds batting - Pitching for Hickory Crawdads : RHP Tse-peng Kuang
|
Batting: LHB Bill Ostlund
|
0-0: Foul Ball, location: 2F 0-1: Ball 1-1: Ground out 6-3 (Groundball, 6, EV 79.4 MPH)
|
Batting: SHB Jared Boyce
|
0-0: Fly out, F8 (Flyball, 78S, EV 90.6 MPH)
|
Batting: LHB Justin Alworth
|
0-0: Called Strike 0-1: Ball 1-1: Ball 2-1: Swinging Strike 2-2: Ball 3-2: Foul Ball, location: 2F 3-2: SINGLE (Groundball, 56D, EV 88.8 MPH) (infield hit)
|
Batting: LHB Tim Mulholland
|
Pickoff Throw to First - Out! 1-3
|
Bottom of the 7th over - 0 runs, 1 hit, 0 errors, 0 left on base; Hickory 7 - Delmarva 1 |
TOP OF THE 8TH |
Hickory Crawdads batting - Pitching for Delmarva Shorebirds : RHP Ryan Kotter
|
Batting: LHB Lee Gerken
|
0-0: Foul Ball, location: 2F 0-1: Called Strike 0-2: Strikes out looking
|
Batting: RHB Rick Concha
|
0-0: Foul Ball, location: 2F 0-1: Swinging Strike 0-2: Foul Ball, location: 2F 0-2: Foul Ball, location: 2F 0-2: Ball 1-2: Foul Ball, location: 2F 1-2: Foul Ball, location: 2F 1-2: Strikes out swinging
|
Batting: LHB Sadamu Noguchi
|
0-0: Ball 1-0: Foul Ball, location: 2F 1-1: Swinging Strike 1-2: Ball 2-2: SINGLE (Line Drive, 56, EV 96.2 MPH)
|
Batting: LHB Franklin Quezada
|
0-0: Ball 1-0: Ball 2-0: Called Strike 2-1: Ball Sadamu Noguchi is caught stealing 2nd base 2-6
|
Top of the 8th over - 0 runs, 1 hit, 0 errors, 0 left on base; Hickory 7 - Delmarva 1 |
BOTTOM OF THE 8TH |
Delmarva Shorebirds batting - Pitching for Hickory Crawdads : RHP Tse-peng Kuang
|
Batting: LHB Tim Mulholland
|
0-0: Foul Ball, location: 2F 0-1: Called Strike 0-2: Ball 1-2: Foul Ball, location: 2F 1-2: Ball 2-2: Fly out, F6 (Flyball, 6D, EV 85.0 MPH)
|
Batting: LHB Tom Edwards
|
0-0: Ball 1-0: Ball 2-0: Foul Ball, location: 2F 2-1: Foul Ball, location: 2F 2-2: Ground out 4-3 (Groundball, 4, EV 79.4 MPH)
|
Batting: SHB Jorge Brito
|
0-0: Swinging Strike 0-1: Swinging Strike 0-2: Ball 1-2: Foul Ball, location: 2F 1-2: Foul Ball, location: 2F 1-2: Foul Ball, location: 2F 1-2: Ball 2-2: Ball 3-2: Foul Ball, location: 2F 3-2: Foul Ball, location: 2F 3-2: Base on Balls
|
Batting: LHB Mike Sloan
|
0-0: Fly out, F9 (Flyball, 9S, EV 91.2 MPH)
|
Bottom of the 8th over - 0 runs, 0 hits, 0 errors, 1 left on base; Hickory 7 - Delmarva 1 |
TOP OF THE 9TH |
Hickory Crawdads batting - Pitching for Delmarva Shorebirds : RHP Ryan Kotter
|
Batting: LHB Franklin Quezada
|
0-0: Ball 1-0: Swinging Strike 1-1: Foul Ball, location: 2F 1-2: Strikes out looking
|
Batting: SHB Isaiah Cherry
|
0-0: Ball 1-0: Called Strike 1-1: Ball 2-1: Swinging Strike 2-2: Strikes out looking
|
Batting: RHB Theo van Gent
|
0-0: Ball 1-0: Called Strike 1-1: Ball 2-1: Ball 3-1: Base on Balls
|
Batting: RHB Joe Fiorito
|
0-0: Ball Theo van Gent steals 2nd base 1-0: Called Strike 1-1: Foul Ball, location: 2F 1-2: Ball 2-2: Foul Ball, location: 2F 2-2: Foul Ball, location: 2F 2-2: Ball 3-2: Fly out, F8 (Flyball, 8LXD, EV 107.5 MPH)
|
Top of the 9th over - 0 runs, 0 hits, 0 errors, 1 left on base; Hickory 7 - Delmarva 1 |
BOTTOM OF THE 9TH |
Delmarva Shorebirds batting - Pitching for Hickory Crawdads : RHP Tse-peng Kuang
|
Batting: LHB Justin Moore
|
0-0: Ball 1-0: Swinging Strike 1-1: Called Strike 1-2: Ball 2-2: Strikes out looking
|
Batting: RHB Francisco Viera
|
0-0: Ground out 5-3 (Groundball, 56, EV 110.6 MPH)
|
Batting: LHB Bill Ostlund
|
0-0: Ball 1-0: Swinging Strike 1-1: Ball 2-1: Swinging Strike 2-2: Foul Ball, location: 2F 2-2: Strikes out swinging
|
Bottom of the 9th over - 0 runs, 0 hits, 0 errors, 0 left on base; Hickory 7 - Delmarva 1 |
|